 Dungeon Crawl Stone Soup version 0.25-a0-161-gb7fd73da8f (webtiles) character file.

Game seed: 4741535395302007459, levelgen mode: deterministic

56 Leeroy the Slasher (level 3, -6/29 HPs)
             Began as a Draconian Skald on Nov 21, 2019.
             Mangled by a scorpion (8 damage)
             ... on level 3 of the Dungeon.
             The game lasted 00:02:03 (1241 turns).

Leeroy the Slasher (Draconian Skald)                Turns: 1241, Time: 00:02:04

Health: -6/29      AC:  5    Str: 13    XL:     3   Next: 71%
Magic:  4/6        EV: 12    Int: 13    God:
Gold:   50         SH:  0    Dex: 11    Spells: 2/6 levels left

rFire    . . .     SeeInvis .   a - +0 falchion
rCold    . . .     Gourm    .   (no shield)
rNeg     . . .     Faith    .   (armour unavailable)
rPois    .         Spirit   .   (helmet restricted)
rElec    .         Reflect  .   (no cloak)
rCorr    .         Harm     .   (no gloves)
MR       .....                  (no boots)
Stlth    +.........             (no amulet)
HPRegen  0.09/turn              (no ring)
MPRegen  0.10/turn              (no ring)

@: very slightly contaminated, hasted, glowing, very quick
A: unfitting armour, cold-blooded, AC +5
a: no special abilities


You were on level 3 of the Dungeon.
You were very hungry.

You visited 1 branch of the dungeon, and saw 3 of its levels.

You collected 50 gold pieces.

Inventory:

Hand Weapons
 a - a +0 falchion (weapon)
 k - a +2 dagger of venom
Missiles
 l - 9 boomerangs (quivered)
Jewellery
 g - a +3 amulet of reflection {unknown}
Scrolls
 h - a scroll of remove curse {unknown}
 j - a scroll of teleportation {unknown}
Potions
 b - a potion of lignification {unknown}
 d - a potion of berserk rage {unknown}
 e - a potion of haste
 f - a potion of might {unknown}
 i - 2 potions of flight {unknown}
Comestibles
 c - 3 rations


   Skills:
 - Level 2.1 Fighting
 - Level 4.0 Long Blades
 - Level 2.1 Dodging
 - Level 2.0 Spellcasting
 + Level 0.5 Hexes
 - Level 2.6 Charms


You had 2 spell levels left.
You knew the following spells:

 Your Spells              Type           Power        Failure   Level  Hunger
a - Infusion              Chrm           #...         9%          1    ##.....
b - Spectral Weapon       Hex/Chrm       #.......     36%         3    ####...

Your spell library contained the following spells:

 Spells                   Type           Power        Failure   Level  Hunger
 Song of Slaying          Chrm           #.......     13%         2    ###....
 Shroud of Golubria       Chrm/Tloc      #.....       22%         2    ###....
 Regeneration             Chrm/Necr      #.........   41%         3    ####...


Dungeon Overview and Level Annotations

Branches:
Dungeon (3/15)

Altars:

Annotations:
D:2 1 runed translucent door, Crazy Yiuf, Sigmund


Innate Abilities, Weirdness & Mutations

Your plain brown scales are hard. (AC +5)
You cannot fit into any form of body armour.
You are cold-blooded and may be slowed by cold attacks.


Message History

The scorpion is severely wounded.
You closely miss the scorpion.
The scorpion is severely wounded.
The scorpion stings you.
* * * LOW HITPOINT WARNING * * *
You hit the scorpion. You tail-slap the scorpion.
The scorpion is almost dead.
The scorpion stings you but does no damage.
You barely miss the scorpion.
Your tail-slap misses the scorpion.
The scorpion is almost dead.
The scorpion misses you.
You hit the scorpion but do no damage.
The scorpion is almost dead.
The scorpion stings you but does no damage.
You closely miss the scorpion. You tail-slap the scorpion.
The scorpion is almost dead.
You hit the scorpion but do no damage.
Your tail-slap misses the scorpion.
The scorpion is almost dead.
The scorpion stings you!
You die...

.## #. ..#... ...#.#
.....### ###.....#
....$#.######
#..#...?...#
#!.<.#####.# #
#.#..##@...#
..##.##....##s#.....#
.....$...####.# ###.#
.....#...[)##.#
.......###.##.#.#
................#
....[.####....###
#..#.# ###### #....


You could see a scorpion.

Vanquished Creatures
  An adder (D:2)
  An ooze (D:1)
  A worm (D:2)
  5 orcs (D:3)
  2 bats
  A giant cockroach (D:1)
  2 goblins
  4 hobgoblins (D:1)
  6 jackals (D:1)
  2 ball pythons (D:1)
  3 frilled lizards (D:1)
  3 kobolds (D:1)
  4 rats
35 creatures vanquished.

Notes
Turn   | Place    | Note
-------+----------+-------------------------------------------
     0 | D:1      | Leeroy the Draconian Skald began the quest for the Orb.
     0 | D:1      | Reached XP level 1. HP: 17/17 MP: 3/3
    84 | D:1      | Reached XP level 2. HP: 24/24 MP: 5/5
   124 | D:1      | Reached skill level 3 in Long Blades
   679 | D:1      | Reached XP level 3. HP: 28/29 MP: 6/6
   716 | D:1      | Learned a level 3 spell: Spectral Weapon
   810 | D:2      | Found a runed translucent door.
   811 | D:2      | Noticed Crazy Yiuf
  1134 | D:2      | Noticed Sigmund
  1190 | D:3      | Reached skill level 4 in Long Blades
  1220 | D:3      | Noticed a scorpion
  1236 | D:3      | HP: 1/29 [scorpion (5)]
  1241 | D:3      | Mangled by a scorpion

Levels and vault maps discovered:
D:1:      roderic_crop_circles_arrival_small, layout_rooms
D:2:      layout_loops_ring, uniq_sigmund, uniq_crazy_yiuf_cottage
D:3:      layout_basic, gammafunk_temple_overflow_forgotten, first_ration,
          tso_metal_star

Skill      XL: |  1  2  3 |
---------------+----------+-----
Long Blades    | 3 4 |  4.0
Fighting       | |  2.1
Dodging        | |  2.1
Spellcasting   | |  2.0
Hexes          | |  0.5
Charms         | |  2.6

Action                   || total
-------------------------++-------
Melee: Falchion          ||   108
       Tailslap          ||    15
 Cast: Spectral Weapon   ||     1
  Use: Potion            ||     1
Armor: Skin              ||    37
Dodge: Dodged            ||    82
       Rpst.: Falchion   ||    23

Table legend:
 A = Non-vault XP
 B = Vault XP
 C = Vault XP percentage of total XP
 D = Non-vault monster count
 E = Vault monster count
 F = Vault count percentage of total count
                 A         B        C        D         E       F
            +---------+---------+-------+---------+---------+-------
      Total |      81 |       0 |   0.0 |      35 |       0 |   0.0
            +---------+---------+-------+---------+---------+-------
        D:1 |      45 |       0 |   0.0 |      25 |       0 |   0.0
        D:2 |      20 |       0 |   0.0 |       4 |       0 |   0.0
        D:3 |      16 |       0 |   0.0 |       6 |       0 |   0.0
            +---------+---------+-------+---------+---------+-------
